Map: King's Cove LE

Players

Reynor - Winner!

  • Race: Zerg Zerg
  • Spawn Location: 11:00

Rail

  • Race: Protoss Protoss
  • Spawn Location: 5:00

Event: IEM Season 13: Katowice (2019)

VOD

Have the link to the VOD?

Description

Time

  • Played on: Feb. 26, 2019, 4:15 a.m.
  • Length: 10:13

All games in this series

Show
View Real Time Build Order
Export as new Build Order

Reynor Zerg - Winner!

Build Orders: Hatch First 

Get SALT Encoding   

  12  0:00  Drone  
  13  0:12  Overlord  
  13  0:18  Drone  
  14  0:31  Drone x2  
  16  0:50  Hatchery  
  16  0:53  Drone  
  16  0:57  Drone  
  17  1:00  Drone  
  18  1:11  Extractor  
  18  1:17  Spawning Pool  
  16  1:20  Drone  
  16  1:23  Drone  
  18  1:28  Drone  
  19  1:38  Drone  
  20  1:49  Overlord  
  20  2:03  Zergling x2  
  20  2:04  Queen, Zergling x2  
  20  2:05  Queen  
  26  2:12  Drone x2  
  28  2:19  Metabolic Boost  
  28  2:22  Drone  
  29  2:25  Drone  
  30  2:43  Hatchery  
  29  2:45  Drone  
  29  2:47  Drone  
  29  2:50  Drone  
  32  2:54  Overlord  
  32  2:58  Zergling x2  
  33  3:00  Drone  
  34  3:06  Queen  
  36  3:14  Drone x3  
  36  3:16  Drone  
  36  3:19  Overlord  
  40  3:22  Drone  
  40  3:25  Drone  
  40  3:26  Drone  
  43  3:29  Drone  
  44  3:41  Spore Crawler  
  44  3:42  Drone x4  
  44  3:45  Queen  
  49  3:51  Drone x3  
  52  3:56  Drone  
  52  4:00  Zergling x4  
  55  4:04  Spore Crawler  
  55  4:08  Evolution Chamber  
  55  4:09  Overlord  
  53  4:10  Spore Crawler  
  52  4:24  Overlord x2  
  50  4:27  Drone x7  
  50  4:29  Drone  
  58  4:34  Zerg Melee Weapons Level 1  
  58  4:36  Lair  
  58  4:41  Overlord  
  58  4:42  Overlord  
  58  4:43  Drone  
  59  4:47  Zergling x4  
  59  4:48  Drone  
  59  4:51  Drone  
  63  4:53  Queen  
  63  4:55  Zergling x2  
  63  4:59  Overlord  
  66  5:01  Queen  
  66  5:03  Zergling x2  
  66  5:05  Zergling x4  
  66  5:06  Zergling x2  
  72  5:08  Zergling x4  
  72  5:10  Zergling x2  
  72  5:12  Zergling x4  
  77  5:15  Zergling x4  
  77  5:19  Zergling x2  
  80  5:23  Zergling x2  
  80  5:29  Zergling x8  
  80  5:35  Queen x2  
  85  5:39  Nydus Network  
  85  5:41  Zergling x6  
  89  5:47  Overlord  
  89  5:48  Zergling x6  
  90  5:53  Overlord  
  90  5:56  Zergling x2  
  89  5:57  Zergling x2  
  89  5:59  Overlord  
  89  6:04  Zergling x4  
  89  6:07  Zergling x6  
  89  6:10  Zergling x2  
  89  6:11  Queen, Zergling x6  
  96  6:16  Nydus Canal  
  96  6:17  Zergling x4  
  90  6:18  Queen x2  
  90  6:21  Zergling x2  
  90  6:22  Zergling x6  
  97  6:26  Zergling x2  
  97  6:28  Zergling x2  
  97  6:30  Zerg Melee Weapons Level 2  
  97  6:32  Zergling x2  
  96  6:37  Zergling x2  
  96  6:39  Zergling x2  
  96  6:45  Zergling x2  
  94  6:48  Zergling x2  
  94  6:49  Zergling x2  
  94  6:50  Hatchery  
  94  6:52  Zergling x6  
  91  6:55  Queen  
  91  6:58  Zergling x2  
  91  7:00  Zergling x4  
  91  7:01  Queen  
  97  7:02  Queen  
  97  7:05  Zergling x2  
  99  7:10  Extractor  
  99  7:11  Extractor, Hydralisk Den  
  99  7:12  Drone x2  
  99  7:15  Drone  
  98  7:21  Drone  
  98  7:22  Extractor  
  98  7:23  Extractor  
  98  7:25  Drone  
  98  7:28  Drone x6  
  98  7:29  Drone x3  
  107  7:36  Queen  
  107  7:38  Zergling x4  
  107  7:43  Drone  
  104  7:48  Drone x2  
  104  7:49  Drone  
  99  7:52  Nydus Canal  
  99  7:56  Drone x2  
  99  7:57  Drone x2  
  99  7:58  Drone  
  102  8:01  Zergling x2  
  100  8:08  Drone x2  
  100  8:10  Muscular Augments, Extractor  
  100  8:12  Drone x2  
  102  8:14  Drone  
  102  8:18  Drone  
  100  8:21  Hydralisk x5  
  112  8:27  Drone x2  
  112  8:28  Hydralisk x2  
  112  8:31  Overlord  
  112  8:32  Drone  
  119  8:35  Drone  
  119  8:36  Extractor  
  119  8:37  Overlord  
  119  8:44  Hydralisk  
  119  8:50  Hydralisk, Zergling x2  
  119  8:51  Zergling x6  
  125  8:55  Hatchery  
  125  8:57  Zergling x2  
  125  8:58  Zergling x16  
  125  9:01  Baneling Nest  
  132  9:03  Hatchery  
  132  9:04  Hydralisk, Zergling x2  
  132  9:06  Overseer  
  132  9:07  Hydralisk  
  136  9:10  Overlord  
  136  9:12  Overlord  
  136  9:20  Overseer  
  136  9:21  Overlord  
  136  9:24  Overlord x3  
  136  9:28  Hydralisk x4  
  144  9:34  Zergling x16  
  151  9:41  Zergling x16  
  158  9:48  Zergling x4  
  158  9:50  Zergling x2  
  158  9:51  Zergling x4  
  161  9:53  Zergling x2  
Show
View Real Time Build Order
Export as new Build Order

Rail Protoss 

Build Orders: 1 Gate Expand, Oracle Opening, Archon Immortal 

Get SALT Encoding   

  12  0:01  Probe  
  13  0:13  Probe  
  14  0:20  Pylon  
  14  0:25  Probe  
  15  0:34  Probe  
  15  0:42  Probe  
  16  0:43  Gateway  
  16  0:49  Assimilator  
  17  0:52  Probe  
  18  1:04  Probe  
  19  1:16  Probe  
  20  1:25  Nexus  
  20  1:30  Probe  
  21  1:38  Cybernetics Core  
  21  1:43  Assimilator  
  21  1:46  Probe  
  22  1:53  Pylon  
  22  1:58  Probe  
  23  2:14  Stalker, Probe  
  26  2:24  Stargate  
  26  2:25  Probe  
  27  2:33  Probe x2  
  27  2:34  Warp Gate  
  28  2:41  Probe x2  
  29  2:44  Adept  
  29  2:50  Probe  
  33  2:53  Probe  
  33  2:58  Probe  
  35  3:03  Gateway  
  35  3:05  Probe  
  37  3:06  Probe  
  37  3:12  Oracle  
  41  3:17  Probe x2  
  43  3:21  Pylon  
  43  3:29  Probe  
  43  3:30  Probe  
  45  3:35  Assimilator  
  45  3:38  Adept, Assimilator  
  47  3:41  Probe  
  47  3:43  Probe  
  47  3:46  Pylon  
  49  3:53  Probe  
  49  3:55  Probe  
  51  4:05  Probe  
  51  4:07  Probe  
  53  4:17  Probe  
  53  4:19  Probe  
  55  4:28  Nexus  
  55  4:29  Probe, Pylon  
  57  4:31  Probe, Robotics Facility  
  57  4:32  Robotics Facility  
  57  4:37  Sentry  
  57  4:38  Sentry  
  61  4:41  Pylon  
  61  4:42  Probe  
  62  4:47  Probe  
  62  4:54  Twilight Council, Probe, Forge  
  62  4:59  Probe  
  64  5:06  Probe  
  65  5:09  Shield Battery  
  65  5:10  Probe  
  66  5:14  Probe  
  66  5:18  Probe  
  67  5:22  Probe  
  67  5:26  Probe  
  69  5:32  Immortal x2, Probe  
  73  5:38  Probe  
  73  5:40  Probe  
  79  5:44  Probe  
  79  5:48  Protoss Ground Weapons Level 1, Charge  
  78  5:50  Probe  
  78  5:52  Probe  
  78  5:54  Gateway  
  78  5:55  Gateway  
  78  5:56  Probe  
  81  6:01  Zealot  
  81  6:02  Zealot, Probe  
  81  6:03  Immortal  
  86  6:04  Probe  
  86  6:07  Oracle  
  86  6:08  Probe  
  86  6:09  Immortal  
  91  6:16  Pylon  
  89  6:24  Shield Battery  
  89  6:25  Shield Battery  
  93  6:30  Zealot x2  
  93  6:31  Immortal  
  82  6:44  Void Ray  
  82  6:45  Immortal  
  86  6:48  Zealot  
  88  6:54  Zealot x2  
  91  7:01  Immortal, Zealot  
  82  7:09  Zealot  
  82  7:15  Zealot x2  
  74  7:22  Zealot  
  76  7:25  Pylon  
  76  7:26  Pylon  
  76  7:28  Pylon  
  76  7:31  Templar Archives  
  76  7:33  Immortal  
  72  7:41  Immortal  
  74  7:48  Zealot x2  
  61  8:11  Zealot x2  
  61  8:12  Immortal x2  
  67  8:30  Gateway  
  67  8:31  Gateway  
  67  8:33  High Templar x2  
  71  8:38  Gateway  
  71  8:44  Gateway, Archon  
  71  8:45  Observer  
  71  8:54  Warp Prism  
  74  9:03  Gateway  
  74  9:04  Gateway  
  74  9:08  High Templar x2  
  78  9:14  Archon  
  78  9:23  Pylon  
  78  9:28  High Templar x2  
  82  9:34  Pylon, Archon  
  82  9:41  Zealot x3  
  82  9:43  Zealot  
  86  9:53  Pylon  
  86  9:59  High Templar x2  
  90  10:05  High Templar x4  
  90  10:06  Zealot x2  
  98  10:09  Archon  

Tags
 
Add a new tag
Caveats
  • Supply blocks, unpowered buildings, or Contaminate may cause inaccurate times.
  • Supply counts are checked every 10 seconds.